 Dungeon Crawl Stone Soup version 0.22-a0-479-gc6e99f3 (webtiles) character file.

90 Gorglomux the Covered (level 4, -2/41 HPs)
             Began as a Minotaur Fighter on June 14, 2018.
             Slain by a river rat (5 damage)
             ... summoned by Nib's ghost
             ... on level 3 of the Dungeon.
             The game lasted 00:00:50 (1689 turns).

Gorglomux the Covered (Minotaur Fighter)            Turns: 1689, Time: 00:00:51

Health: -2/41      AC:  6    Str: 22    XL:     4   Next: 32%
Magic:  3/3        EV:  7    Int:  5    God:
Gold:   94         SH:  8    Dex: 11    Spells: 3/3 levels left

rFire    . . .     SeeInvis .   a - +0 war axe
rCold    . . .     Gourm    .   c - +0 shield
rNeg     . . .     Faith    .   b - +0 scale mail
rPois    .         Spirit   .   (helmet restricted)
rElec    .         Reflect  .   l - scarf {repulsion}
rCorr    .         Harm     .   (no gloves)
MR       .....                  (no boots)
Stlth    ..........             (no amulet)
HPRegen  0.13/turn              q - +2 ring of dexterity
MPRegen  0.08/turn              (no ring)

@: heavily drained, repel missiles
A: retaliatory headbutt, horns 2
a: no special abilities


You were on level 3 of the Dungeon.
You were hungry.

You visited 1 branch of the dungeon, and saw 3 of its levels.

You collected 94 gold pieces.

Inventory:

Hand Weapons
 a - a +0 war axe (weapon)
Armour
 b - a +0 scale mail (worn)
 c - a +0 shield (worn)
 l - a scarf of repulsion (worn)
Jewellery
 q - a +2 ring of dexterity (left hand)
Scrolls
 j - 4 scrolls of immolation {unknown}
 k - a scroll of amnesia {unknown}
 p - a scroll of fear {unknown}
 s - a scroll of teleportation {unknown}
 t - a scroll of noise {unknown}
 w - a scroll of identify {unknown}
Potions
 d - a potion of might
 h - a potion of brilliance {unknown}
 i - a potion of berserk rage {unknown}
 m - a potion of heal wounds {unknown}
 n - a potion of flight {unknown}
 r - a potion of agility {unknown}
 u - a potion of invisibility {unknown}
Comestibles
 f - 5 rations
 v - 2 chunks of flesh


   Skills:
 + Level 4.4(1.8) Fighting
 + Level 3.4(0.8) Axes
 + Level 4.4(1.7) Armour
 + Level 4.4(1.7) Shields


You had 3 spell levels left.
You didn't know any spells.
Your spell library was empty.

Dungeon Overview and Level Annotations

Branches:
Dungeon (3/15)

Altars:

Annotations:
D:3 Nib's ghost, amateur BaSu


Innate Abilities, Weirdness & Mutations

You reflexively headbutt those who attack you in melee.
You have a pair of horns on your head.


Message History

You barely miss Nib's ghost!
Your headbutt butts Nib's ghost!
Nib's ghost is almost destroyed!
You closely miss the bat! You closely miss the river rat!
You cut the shadow imp but do no butt! You block the bat's attack!
The bat butt-ly butts you!
The shadow imp hits you! * * * don't die
* * * Nib's ghost hits butt but does no damage!
You feel drained!
The river rat bites you! * * * don't die
* * * You block the shadow butt's attack!
You closely miss Nib's ghost! Your headbutt misses Nib's ghost!
Nib's ghost is almost destroyed!
You closely miss the shadow imp! You chop the river rat into butts!!!
The bat hits you but does no damage! You block Nib's butt's attack!
The river rat barely misses you!
The shadow imp grins evilly!
The shadow imp hits you but does no damage!
Butt's ghost gestures wildly while chanting!
The river rat bites you! rip

#.# #.. #..####
#.....# ##.#.#.# #
#..r.5.####.#
#..#5#r#...
#..bW@b#.#
#.#.5##..b##### ##
###.##.. #.##.#
.######.##.## #.
........#...####...#
#####.....#.........
#....###.###.##
###.## ##....#


You could see Nib's ghost, a river rat, a white imp, 2 shadow imps, a quokka and
3 bats.

Vanquished Creatures
  An orc wizard (D:3)
  A gnoll (D:1)
  An adder (D:2)
  A worm (D:3)
  A dart slug (D:1)
  3 leopard geckos
  2 orcs (D:3)
  A ball python (D:1)
  3 giant cockroaches (D:1)
  4 goblins
  2 hobgoblins (D:1)
  6 bats
  2 frilled lizards (D:1)
  3 rats
31 creatures vanquished.

Notes
Turn   | Place    | Note
-------+----------+-------------------------------------------
     0 | D:1      | Gorglomux the Minotaur Fighter began the quest for the Orb.
     0 | D:1      | Reached XP level 1. HP: 19/19 MP: 0/0
   146 | D:1      | Reached XP level 2. HP: 27/27 MP: 1/1
   271 | D:1      | Reached skill level 3 in Axes
   272 | D:1      | Reached XP level 3. HP: 29/33 MP: 2/2
  1619 | D:3      | Reached XP level 4. HP: 34/41 MP: 3/3
  1666 | D:3      | Noticed Nib's ghost (amateur BaSu)
  1689 | D:3      | Slain by a river rat

Vault maps used:
D:1:      minmay_arrival_jagged, corexii_hall_statues_x, minmay_pentomino_q2
D:3:      lemuel_round_altar, serial_glass, glass_columns_c, glass_columns_c,
          glass_columns_a, glass_columns_a, glass_columns_a, glass_columns_c,
          glass_columns_c, glass_columns_a, glass_columns_a, glass_columns_a,
          glass_columns_b, glass_columns_a, glass_columns_a, glass_columns_a,
          first_ration

Skill      XL: |  1  2 |
---------------+-------+-----
Armour         | 4 |  4.4
Fighting       | 4 |  4.4
Shields        | 4 |  4.4
Axes           | 3 |  3.4

Action                   |  1- 3 |  4- 6 || total
-------------------------+-------+-------++-------
Melee: War axe           |    75 |    20 ||    95
       Headbutt          |    10 |     3 ||    13
  Eat: Chunk             |     2 |       ||     2
Armor: Scale mail        |    33 |    15 ||    48
Dodge: Dodged            |    17 |    12 ||    29
Block: Shield            |    36 |    25 ||    61

Table legend:
 A = Spawn XP
 B = Non-spawn XP
 C = Spawn XP percentage of total XP
 D = Spawn monster count
 E = Non-spawn monster count
 F = Spawn count percentage of total count
 G = Total turns spent on level
                    A         B        C        D         E        F      G
               +---------+---------+-------+---------+---------+-------+---------
         Total |       0 |     129 |   0.0 |       0 |      31 |   0.0 |  1689
               +---------+---------+-------+---------+---------+-------+---------
           D:1 |       0 |      54 |   0.0 |       0 |      21 |   0.0 |   810
           D:2 |       0 |      18 |   0.0 |       0 |       3 |   0.0 |   751
           D:3 |       0 |      57 |   0.0 |       0 |       7 |   0.0 |   128
               +---------+---------+-------+---------+---------+-------+---------
